Map: Stasis LE

Players

IHAVENONAME - Winner!

  • Race: Zerg Zerg
  • League: Gold
  • Spawn Location: 11:00

Anconian

  • Race: Protoss Protoss
  • League: Silver
  • Spawn Location: 1:00

VOD

Have the link to the VOD?

Description

Time

  • Played on: Dec. 5, 2018, 7:22 p.m.
  • Length: 9:28
Show
View Real Time Build Order
Export as new Build Order

IHAVENONAME Zerg - Winner!

Build Orders: Hatch First 

Get SALT Encoding   

  12  0:01  Drone  
  13  0:08  Drone  
  14  0:18  Overlord  
  14  0:36  Drone x3  
  17  0:56  Hatchery  
  16  0:58  Drone  
  16  1:02  Drone  
  18  1:17  Spawning Pool  
  17  1:21  Extractor  
  17  1:22  Drone  
  17  1:25  Drone  
  18  1:35  Drone  
  19  1:41  Overlord  
  19  1:56  Drone  
  20  2:03  Drone  
  20  2:04  Queen  
  20  2:07  Queen  
  25  2:08  Drone  
  26  2:17  Drone  
  26  2:20  Drone  
  28  2:24  Overlord  
  28  2:31  Drone  
  28  2:36  Drone  
  30  2:43  Metabolic Boost, Queen  
  32  2:47  Drone x2  
  35  2:58  Drone x2  
  35  3:02  Drone  
  35  3:03  Extractor  
  36  3:09  Overlord  
  36  3:18  Zergling x10  
  36  3:19  Drone x2  
  43  3:23  Roach Warren  
  43  3:26  Evolution Chamber  
  41  3:35  Drone x2  
  41  3:36  Drone  
  41  3:40  Zergling x2  
  43  3:59  Zergling x2  
  43  4:00  Zergling x10  
  48  4:10  Drone x2  
  48  4:12  Lair  
  50  4:21  Drone  
  50  4:22  Overlord  
  51  4:25  Zerg Ground Armor Level 1  
  49  4:41  Drone x6  
  49  4:43  Zergling x2  
  49  4:44  Zergling x6  
  57  4:59  Queen  
  56  5:04  Spore Crawler  
  55  5:10  Spore Crawler  
  55  5:13  Zergling x8  
  55  5:14  Spore Crawler  
  57  5:18  Extractor  
  56  5:22  Extractor  
  56  5:23  Drone x2  
  56  5:24  Glial Reconstitution  
  57  5:31  Hydralisk Den  
  48  5:58  Spore Crawler  
  48  6:00  Hatchery  
  48  6:01  Grooved Spines  
  46  6:04  Drone x3  
  46  6:05  Drone x4  
  46  6:06  Drone x2  
  55  6:19  Zerg Missile Weapons Level 1  
  55  6:25  Drone  
  56  6:26  Drone x3  
  56  6:28  Overlord x2  
  59  6:35  Infestation Pit  
  58  6:40  Overlord x2  
  58  6:41  Overlord  
  58  6:43  Tunneling Claws  
  58  6:50  Drone x3  
  61  7:05  Hydralisk  
  61  7:06  Hydralisk x4  
  71  7:13  Muscular Augments  
  67  7:22  Hydralisk x3  
  71  7:34  Hydralisk  
  71  7:35  Hydralisk x4  
  77  7:43  Hydralisk  
  77  7:44  Hydralisk  
  81  7:57  Infestation Pit  
  80  7:59  Zergling x8  
  80  8:00  Zergling x8  
  88  8:23  Drone  
  88  8:24  Drone x7  
  88  8:25  Drone  
  97  8:30  Spore Crawler  
  97  8:31  Spore Crawler  
  95  8:34  Spore Crawler  
  94  8:47  Hydralisk  
  94  8:48  Hydralisk x5  
Show
View Real Time Build Order
Export as new Build Order

Anconian Protoss 

Build Orders:  

Get SALT Encoding   

  12  0:00  Probe  
  13  0:13  Probe  
  14  0:21  Pylon  
  14  0:25  Probe  
  15  0:39  Probe  
  15  0:41  Gateway  
  16  0:47  Assimilator  
  16  0:51  Probe  
  17  1:03  Probe  
  18  1:06  Forge  
  18  1:15  Probe  
  19  1:29  Probe  
  20  1:34  Protoss Ground Weapons Level 1  
  20  1:36  Pylon  
  20  1:42  Cybernetics Core  
  20  1:46  Gateway  
  20  1:51  Assimilator  
  20  2:12  Probe  
  21  2:19  Warp Gate  
  21  2:24  Adept, Probe  
  21  2:28  Gateway  
  24  2:34  Pylon  
  24  2:38  Probe  
  25  2:45  Adept  
  27  2:53  Pylon  
  27  3:05  Stargate  
  27  3:10  Probe  
  28  3:15  Adept  
  30  3:38  Protoss Ground Armor Level 1  
  30  3:48  Nexus  
  28  4:01  Adept x2  
  30  4:18  Oracle  
  32  4:29  Adept  
  32  4:40  Zealot x2  
  31  5:05  Oracle  
  34  5:14  Adept x2  
  34  5:15  Adept  
  34  5:19  Probe  
  41  5:30  Probe  
  42  5:40  Pylon  
  42  5:53  Probe  
  42  5:54  Probe  
  44  6:03  Oracle  
  44  6:05  Probe  
  44  6:10  Gateway  
  45  6:16  Twilight Council  
  45  6:27  Photon Cannon  
  45  6:32  Oracle  
  45  6:46  Gateway, Protoss Air Weapons Level 1  
  48  6:51  Probe  
  48  6:52  Probe  
  48  6:53  Resonating Glaives  
  32  7:39  Probe x2  
  34  7:51  Probe x2  
  33  8:03  Adept x4, Probe x2  
  43  8:11  Probe  
  43  8:12  Probe  
  44  8:49  Adept x2, Probe  
  49  9:09  Sentry  
Tags
 
Matchup
PvZ
Spawn Locations
Close Positions
Add a new tag
Caveats
  • Supply blocks, unpowered buildings, or Contaminate may cause inaccurate times.
  • Supply counts are checked every 10 seconds.